 Dungeon Crawl Stone Soup version 0.32-a0-918-g0f22ef8d61 (console) character file.

Game seed: 7781984522764623058

141 jejorda2 the Poker (level 5, 0/70 HPs)
             Began as a Gnoll Berserker on Apr 10, 2024.
             Was a Believer of Trog.
             Splashed by a jelly's acid (10 damage)
             ... on level 4 of the Dungeon.
             The game lasted 00:03:23 (1291 turns).

jejorda2 the Poker (Gnoll Berserker)                Turns: 1291, Time: 00:03:23

Health: 0/70       AC: -5    Str: 24    XL:     5   Next: 24%
Magic:  7/7        EV: 12    Int:  7    God:    Trog [**....]
Gold:   126        SH:  0    Dex: 11    Spells: 6/6 levels left

rFire   . . .        a - +0 spear
rCold   . . .        (no shield)
rNeg    . . .        b - +0 animal skin
rPois   .            (no helmet)
rElec   .            (no cloak)
rCorr   .            (no gloves)
SInv    .            (no boots)
Will    .....        (no amulet) Stlth
                     f - +6 ring of strength
HPRegen 0.31/turn    (no ring)
MPRegen 0.10/turn

%: no passive effects
@: berserking, corroded, very quick
A: fangs 1, strong nose, distributed training
a: Renounce Religion, Berserk, Trog's Hand


You were on level 4 of the Dungeon.
You worshipped Trog.
Trog was pleased with you.
You visited 1 branch of the dungeon, and saw 3 of its levels.

You collected 126 gold pieces.

Inventory:

Hand Weapons
 a - a +0 spear (weapon)
Armour
 b - a +0 animal skin (worn)
Jewellery
 f - a +6 ring of strength (left hand)
 q - a ring of flight
Wands
 k - a wand of charming (6)
Scrolls
 c - a scroll of enchant weapon {unknown}
 e - a scroll of fear {unknown}
 g - 3 scrolls of summoning {unknown}
 i - 2 scrolls of torment {unknown}
 j - a scroll of immolation {unknown}
 m - a scroll of brand weapon {unknown}
 o - 2 scrolls of identify {unknown}
 p - a scroll of noise {unknown}
Potions
 d - 2 potions of experience {unknown}
 h - a potion of brilliance {unknown}
 l - a potion of enlightenment {unknown}
 n - 2 potions of haste {unknown}


   Skills:
 + Level 6.7 Fighting
 + Level 1.4 Short Blades
 + Level 1.4 Long Blades
 + Level 1.4 Axes
 + Level 1.4 Maces & Flails
 + Level 6.7 Polearms
 + Level 1.4 Staves
 + Level 1.4 Ranged Weapons
 + Level 1.4 Throwing
 + Level 4.8 Armour
 + Level 4.8 Dodging
 + Level 1.4 Stealth
 + Level 1.4 Shields
 + Level 1.4 Unarmed Combat
 + Level 1.4 Spellcasting
 + Level 1.1 Conjurations
 + Level 1.1 Hexes
 + Level 1.1 Summonings
 + Level 1.1 Necromancy
 + Level 1.1 Translocations
 + Level 1.1 Fire Magic
 + Level 1.1 Ice Magic
 + Level 1.1 Air Magic
 + Level 1.1 Earth Magic
 + Level 1.1 Alchemy
 + Level 1.6 Invocations
 + Level 1.4 Evocations
 + Level 1.3 Shapeshifting


You had 6 spell levels left.
You didn't know any spells.
Your spell library was empty.

Dungeon Overview and Level Annotations

Branches:
Dungeon (4/15)
 Temple: D:4-7

Altars:
Gozag

Annotations:
D:4 3 runed translucent doors, exclusion: 3 doors, hexenhour's ghost, weakling DrAE


Innate Abilities, Weirdness & Mutations

You have very sharp teeth.
Your uncanny sense of smell can sniff out nearby items.
Your experience applies equally to all skills.


Message History

There is a stone staircase leading down here.
o - 2 scrolls labelled JEOKHLO SATEKHA (gained 1)
Found an escape hatch in the ceiling.
There is an escape hatch in the ceiling here.
A quokka comes into view.
You reach to attack!
You puncture the quokka!
You kill the quokka!
Trog accepts your kill.
No target in view!
No target in view!
No target in view!
A jelly comes into view.
You reach to attack!
The helpless jelly fails to defend itself.
You hit the jelly.
The jelly is lightly wounded.
You hit the jelly but do no damage.
Your hands burn!
The jelly is lightly wounded.
The jelly closely misses you.
You hit the jelly.
Your hands burn!
The jelly is moderately wounded.
You hit the jelly.
Your hands burn!
The jelly is moderately wounded.
The jelly hits you. The acid corrodes you!
You are splashed with acid!
You hit the jelly.
Your hands burn!
The jelly is moderately wounded.
The jelly barely misses you.
You are too injured to fight recklessly!
You hit the jelly but do no damage.
Your hands burn!
The jelly is moderately wounded.
The jelly hits you.
You are splashed with acid!
* * * LOW HITPOINT WARNING * * *
You hit the jelly but do no damage. The acid corrodes you!
Your hands burn!
* * * LOW HITPOINT WARNING * * *
The jelly is moderately wounded.
A red film seems to cover your vision as you go berserk!
You feel yourself moving faster!
You feel mighty! The jelly hits you.
* * * LOW HITPOINT WARNING * * *
You are splashed with acid!
You die...

.....#
####.# ##
## .# ..
.###.##.###
...........
###
.#.#.......
..# ......#
#.# .#.##.#
#..#####.#
.#.# #
#.....J@!#
.#.#
#.######.#
.#.# #.#
.#.# #.#
.#..
..######.#
.###
.........#
.#
########<#
.##### #.#
.....#
#.####.#


You could see a jelly.

Vanquished Creatures
  A howler monkey (D:4)
  A jelly (D:4)
  2 adders
  A ribbon worm (D:4)
  2 dart slugs
  2 endoplasms
  3 giant cockroaches
  7 goblins
  5 hobgoblins
  4 quokkas
  4 ball pythons
  3 bats (D:1)
  3 frilled lizards
  4 kobolds
  8 rats
50 creatures vanquished.

Notes
Turn   | Place    | Note
-------+----------+-------------------------------------------
     0 | D:1      | jejorda2 the Gnoll Berserker began the quest for the Orb.
     0 | D:1      | Reached XP level 1. HP: 23/23 MP: 1/1
    58 | D:1      | Reached XP level 2. HP: 29/29 MP: 2/2
   448 | D:1      | Reached ** piety under Trog
   542 | D:2      | Reached XP level 3. HP: 35/35 MP: 3/3
   693 | D:2      | Reached skill level 1 in Invocations
   722 | D:2      | Reached skill level 1 in Short Blades
   722 | D:2      | Reached skill level 1 in Long Blades
   722 | D:2      | Reached skill level 1 in Axes
   722 | D:2      | Reached skill level 1 in Maces & Flails
   722 | D:2      | Reached skill level 1 in Staves
   722 | D:2      | Reached skill level 1 in Ranged Weapons
   722 | D:2      | Reached skill level 1 in Throwing
   722 | D:2      | Reached skill level 1 in Stealth
   722 | D:2      | Reached skill level 1 in Shields
   722 | D:2      | Reached skill level 1 in Unarmed Combat
   722 | D:2      | Reached skill level 1 in Spellcasting
   722 | D:2      | Reached skill level 1 in Evocations
   813 | D:2      | You fall into a shaft and drop 2 floors!
   824 | D:4      | Reached skill level 1 in Shapeshifting
   824 | D:4      | Reached XP level 4. HP: 41/41 MP: 5/5
   837 | D:4      | Found a runed translucent gate.
   838 | D:4      | Found a runed translucent gate.
   839 | D:4      | Found a runed translucent gate.
   839 | D:4      | Found an opulent altar of Gozag.
   840 | D:4      | Noticed hexenhour's ghost (weakling DrAE)
   841 | D:4      | Noticed a hornet
  1028 | D:4      | Reached skill level 1 in Conjurations
  1028 | D:4      | Reached skill level 1 in Hexes
  1028 | D:4      | Reached skill level 1 in Summonings
  1028 | D:4      | Reached skill level 1 in Necromancy
  1028 | D:4      | Reached skill level 1 in Translocations
  1028 | D:4      | Reached skill level 1 in Fire Magic
  1028 | D:4      | Reached skill level 1 in Ice Magic
  1028 | D:4      | Reached skill level 1 in Air Magic
  1028 | D:4      | Reached skill level 1 in Earth Magic
  1028 | D:4      | Reached skill level 1 in Alchemy
  1055 | D:4      | Reached XP level 5. HP: 43/47 MP: 5/7
  1291 | D:4      | Splashed by a jelly's acid

Illustrated notes

Levels and vault maps discovered:
D:1:      minmay_arrival_four_houses, layout_rooms
D:2:      layout_loops_ring, nicolae_elevator_lobby_plus
D:4:      layout_loops_ring, ebering_ghost_gozag, minmay_misc_feat_secret_circle

Skill      XL: |  1  2  3  4 |
---------------+-------------+-----
Invocations    | 1 |  1.6
Short Blades   | 1 |  1.4
Long Blades    | 1 |  1.4
Axes           | 1 |  1.4
Maces & Flails | 1 |  1.4
Staves         | 1 |  1.4
Ranged Weapons | 1 |  1.4
Throwing       | 1 |  1.4
Stealth        | 1 |  1.4
Shields        | 1 |  1.4
Unarmed Combat | 1 |  1.4
Spellcasting   | 1 |  1.4
Evocations     | 1 |  1.4
Shapeshifting  | 1 |  1.3
Conjurations   | 1 |  1.1
Hexes          | 1 |  1.1
Summonings     | 1 |  1.1
Necromancy     | 1 |  1.1
Translocations | 1 |  1.1
Fire Magic     | 1 |  1.1
Ice Magic      | 1 |  1.1
Air Magic      | 1 |  1.1
Earth Magic    | 1 |  1.1
Alchemy        | 1 |  1.1
Fighting       | |  6.7
Polearms       | |  6.7
Armour         | |  4.8
Dodging        | |  4.8

Action                     |  1- 3 |  4- 6 || total
---------------------------+-------+-------++-------
  Melee: Spear             |   119 |    37 ||   156
         Bite              |     8 |       ||     8
 Invoke: Berserk           |       |     1 ||     1
   Stab: Sleeping          |     1 |     1 ||     2
 Armour: Animal skin       |    28 |     9 ||    37
  Dodge: Dodged            |    49 |     8 ||    57

Table legend: (Time is in decaauts)
 A = Elapsed time spent in this place.
 B = Non-inter-level travel time spent in this place.
 C = Inter-level travel time spent in this place.
 D = Time resting spent in this place.
 E = Time spent auto-exploring this place.
 F = Levels seen in this place.
 G = Mean time per level.
                   A        B        C        D        E       F      G
               +--------+--------+--------+--------+--------+-----+--------+
         Total |   1254 |   1247 |      7 |      0 |    952 |   3 |  418.0 |
       Dungeon |   1254 |   1247 |      7 |      0 |    952 |   3 |  418.0 |
               +--------+--------+--------+--------+--------+-----+--------+

Top non-repeatable levels by time:
     D:1: 514 daAuts
     D:4: 468 daAuts
     D:2: 271 daAuts
